 Dungeon Crawl Stone Soup version 0.21.0-3-g78d12a8 (webtiles) character file.

65 mopl the Insei (level 4, 0/32 HPs)
             Began as a Barachi Transmuter on Jan 11, 2018.
             Slain by Sigmund
             ... wielding a +0 scythe
              (9 damage)
             ... on level 2 of the Dungeon.
             The game lasted 00:02:46 (1362 turns).

mopl the Insei (Barachi Transmuter)                 Turns: 1362, Time: 00:02:47

Health: 0/32       AC:  2    Str: 11    XL:     4   Next: 14%
Magic:  7/7        EV: 20    Int: 14    God:
Gold:   55         SH:  0    Dex: 18    Spells: 1/7 levels left

rFire    . . .     SeeInvis .     - Unarmed
rCold    . . .     Gourm    .   (shield currently unavailable)
rNeg     . . .     Faith    .   (armour currently unavailable)
rPois    x         Spirit   .   (helmet currently unavailable)
rElec    .         Reflect  .   (cloak currently unavailable)
rCorr    .         Harm     .   (gloves currently unavailable)
MR       .....                  (boots currently unavailable)
Stlth    +.........             (no amulet)
HPRegen  0.10/turn              (no ring)
MPRegen  0.10/turn              (no ring)

@: confused, spider-form (expiring)
A: tiny, +LOS, swims
a: End Transformation


You were on level 2 of the Dungeon.
You were hungry.
You were a venomous arachnid creature.
You visited 1 branch of the dungeon, and saw 2 of its levels.

You collected 55 gold pieces.

Inventory:

Hand Weapons
 e - a +1 dagger of electrocution (melded)
Missiles
 a - 47 arrows
 g - 2 tomahawks (quivered)
Armour
 b - a +0 robe (melded)
Scrolls
 f - 2 scrolls of teleportation {unknown}
 i - a scroll of immolation {unknown}
 k - a scroll of magic mapping {unknown}
 l - a scroll of identify {unknown}
Books
 c - a book of Changes

   Spells                             Type                      Level
   a - Beastly Appendage              Transmutation                1
   b - Sticks to Snakes               Transmutation                2
   c - Spider Form                    Transmutation/Poison         3
   d - Ice Form                       Ice/Transmutation            4
   e - Blade Hands                    Transmutation                5
Comestibles
 d - 5 rations
 j - 5 chunks of flesh


   Skills:
 - Level 1.2 Fighting
 - Level 2.1 Dodging
 * Level 4.5 Unarmed Combat
 + Level 2.4 Spellcasting
 + Level 3.1 Transmutations
 + Level 0.8 Poison Magic


You had one spell level left.
You knew the following spells:

 Your Spells              Type           Power        Failure   Level  Hunger
a - Beastly Appendage     Tmut           ##....       17%         1    #......
b - Spider Form           Tmut/Pois      #.........   52%         3    ###....
w - Sticks to Snakes      Tmut           ##......     24%         2    ###....


Dungeon Overview and Level Annotations

Branches:
Dungeon (2/15)

Altars:
Dithmenos

Annotations:
D:2 Sigmund


Innate Abilities, Weirdness & Mutations

Shadows flee at your approach. (+LOS)
You can swim through water.
((You cover ground slowly.))
((You can hop short distances.))


Message History

Sigmund completely misses you.
You barely miss Sigmund. You completely miss Sigmund.
Sigmund points at you and mumbles some strange words.
You are confused.
You are too confused!
You are too confused!
You are too confused!
It was a potion of magic.
Magic courses through your body.
Sigmund gestures wildly while chanting.
Sigmund flickers and vanishes!
Deactivating autopickup; reactivate with Ctrl-A.
You bump into the rock wall.
Your transformation is almost over.
Something hits you!
You barely miss something. Something hits you!
* * * LOW HITPOINT WARNING * * *
You bump into the rock wall.
The bat barely misses you. The bat completely misses you. Something hits you!
You die...

#....# . #..# ....#
##.####..#### #....
............. #...#
##..#..##.### #...#
##...# #.### #..†###
##..# #.... #...{.#
####.# #..##
###§_.####....#
##.##
#.§s.....##.###..#
#.#.#######......###
#.(b# #.####....
#..########.........
#.# #......####...)
..# #.###### #....
... #.... ... #####
.%..


You could see a bat.

Vanquished Creatures
  A gnoll (D:1)
  An ooze (D:1)
  2 worms (D:2)
  A dart slug (D:1)
  A leopard gecko (D:1)
  6 bats (D:1)
  2 giant cockroaches (D:1)
  8 goblins (D:1)
  6 hobgoblins
  A quokka (D:2)
  4 frilled lizards
  4 kobolds (D:1)
  2 rats
39 creatures vanquished.

Notes
Turn   | Place    | Note
-------+----------+-------------------------------------------
     0 | D:1      | mopl the Barachi Transmuter began the quest for the Orb.
     0 | D:1      | Reached XP level 1. HP: 15/15 MP: 3/3
    70 | D:1      | Reached XP level 2. HP: 5/21 MP: 3/5
    78 | D:1      | Learned a level 2 spell: Sticks to Snakes
   326 | D:1      | Reached skill level 4 in Unarmed Combat
   523 | D:1      | Reached XP level 3. HP: 20/26 MP: 6/6
   528 | D:1      | Learned a level 3 spell: Spider Form
  1049 | D:1      | Reached skill level 3 in Transmutations
  1239 | D:2      | Reached XP level 4. HP: 31/32 MP: 1/7
  1341 | D:2      | Found a shadowy altar of Dithmenos.
  1346 | D:2      | Noticed Sigmund
  1362 | D:2      | Slain by Sigmund

Skill      XL: |  1  2  3 |
---------------+----------+-----
Unarmed Combat | 4 |  4.5
Transmutations | 3 |  3.1
Fighting       | |  1.2
Dodging        | |  2.1
Spellcasting   | |  2.4
Poison Magic   | |  0.8

Action                   |  1- 3 |  4- 6 || total
-------------------------+-------+-------++-------
Melee: Dagger            |    84 |    17 ||   101
       Unarmed           |    14 |     3 ||    17
       Headbutt          |     1 |       ||     1
 Cast: Beastly Appendage |     5 |       ||     5
       Spider Form       |     4 |     1 ||     5
 Abil: Hop               |     1 |       ||     1
  Use: Potion            |       |     1 ||     1
  Eat: Chunk             |     2 |       ||     2
Armor: Robe              |    19 |     1 ||    20
Dodge: Dodged            |    75 |    13 ||    88
